 Dungeon Sprint DCSS version 0.17-a0-1763-g847a857 (webtiles) character file.

608 Baka the Basher (level 7, -5/61 HPs)
             Began as a Gargoyle Fighter on Sept 5, 2015.
             Was a Believer of Okawaru.
             Slain by a molten gargoyle
             ... wielding a +0 flail
              (10 damage)
             ... in the Dungeon (Sprint VII: "The Pits").
             The game lasted 00:01:54 (858 turns).

Baka the Basher (Gargoyle Fighter)                   Turns: 858, Time: 00:01:54

Health: -5/61      AC: 21    Str: 25    XL:     7   Next: 43%
Magic:  7/7        EV:  5    Int:  8    God:    Okawaru [**....]
Gold:   0          SH:  9    Dex: 11    Spells: 0 memorised, 6 levels left

rFire  . . .     SeeInvis .     t - +2 flail (crush)
rCold  . . .     Clarity  .     s - +2 plate armour
rNeg   + . .     SustAt   .     c - +0 shield
rPois  ∞         Gourm    .     (no helmet)
rElec  +         Spirit   .     (no cloak)
rCorr  .         Warding  .     (no gloves)
rMut   .         NoTele   +     (no boots)
MR     .....                    (no amulet)
Stlth  ..........               (no ring)
                                (no ring)

@: mighty, berserking, very quick, not resistant to hostile enchantments,
extremely unstealthy
A: negative energy resistance 1, electricity resistance, unbreathing,
petrification resistance, rot immunity, AC +4
a: Heroism, Renounce Religion


You were in the Dungeon.
You worshipped Okawaru.
Okawaru was pleased with you.
You were not hungry.

You visited 1 branch

Inventory:

Hand weapons
 t - a +2 flail of crushing (weapon)
Armour
 c - a +0 shield (worn)
 s - a +2 plate armour (worn)
Scrolls
 k - a scroll of blinking
 o - 3 scrolls of remove curse
 p - 5 scrolls of amnesia
 q - a scroll of summoning
Potions
 f - 6 potions of curing
 g - 6 potions of heal wounds
 h - a potion of haste
 i - 4 potions of magic
 j - 2 potions of berserk rage
 n - 2 potions of invisibility
Comestibles
 a - 6 chunks of flesh
 e - 8 bread rations
 l - 40 fruits
 m - 7 meat rations


   Skills:
 - Level 3.2 Fighting
 * Level 12.5 Maces & Flails
 + Level 10.4 Armour
 - Level 3.2 Shields


You had 6 spell levels left.
You didn't know any spells.

Dungeon Overview and Level Annotations

Branches:
Dungeon (1/1)

Altars:
Ashenzari
Cheibriados
Dithmenos
Elyvilon
Fedhas
Gozag
Kikubaaqudgha
Makhleb
Nemelex Xobeh
Okawaru
Qazlal
Ru
Sif Muna
Trog
Vehumet
Xom
Yredelemnul
Zin
The Shining One
Beogh
Jiyva
Lugonu


Innate Abilities, Weirdness & Mutations

You are resistant to torment.
Your stone body is resilient (AC +4).
You are immune to poison.
You resist negative energy.
You are resistant to electric shocks.
You can survive without breathing.
You are immune to petrification.
You are immune to rotting.


Message History

The molten gargoyle is heavily damaged.
You hit the molten gargoyle.
The molten gargoyle is heavily damaged.
The molten gargoyle hits you with a flail!
You are engulfed in flames!
* * * LOW HITPOINT WARNING * * *
You thump the molten gargoyle!
The molten gargoyle is almost destroyed.
Your plate armour prevents you from hitting the molten gargoyle.
The molten gargoyle is almost destroyed.
The molten gargoyle blasts magma at you!
The bolt of magma hits you!
You barely miss the molten gargoyle.
The molten gargoyle is almost destroyed.
You hit the molten gargoyle but do no damage.
The molten gargoyle is almost destroyed.
The molten gargoyle hits you with a flail!
* * * LOW HITPOINT WARNING * * *
You are engulfed in flames!
You die...

#.#........##.......#
#'###########.......#
#.......# #########
#..###..# #.......#
##.###.##+#
#....)..#.+
#..###..#9#
#..)....)@#
###########


You could see a molten gargoyle.

Vanquished Creatures
  A fire bat (D)
  3 ogres (D)
  A necrophage (D)
  A brain worm (D)
  A crimson imp (D)
  A river rat (D)
  An ufetubus (D)
  2 oozes (D)
  A ball python (D)
  A bat skeleton (D)
  A hobgoblin (D)
  A giant newt (D)
  A jackal skeleton (D)
16 creatures vanquished.

Notes
Turn   | Place    | Note
--------------------------------------------------------------
     0 | D        | Baka the Gargoyle Fighter began the quest for the Orb.
     0 | D        | Reached XP level 1. HP: 14/14 MP: 1/1
    27 | D        | Found a sacrificial altar of Ru.
    27 | D        | Found a basalt altar of Yredelemnul.
    27 | D        | Found a shadowy altar of Dithmenos.
    27 | D        | Found a deep blue altar of Sif Muna.
    27 | D        | Found a burning altar of Makhleb.
    27 | D        | Found a shimmering altar of Xom.
    27 | D        | Found an ancient bone altar of Kikubaaqudgha.
    27 | D        | Found a sparkling altar of Nemelex Xobeh.
    29 | D        | Found a bloodstained altar of Trog.
    29 | D        | Found a corrupted altar of Lugonu.
    29 | D        | Found a viscous altar of Jiyva.
    40 | D        | Found a glowing golden altar of the Shining One.
    40 | D        | Found a glowing silver altar of Zin.
    48 | D        | Found a shattered altar of Ashenzari.
    48 | D        | Found a white marble altar of Elyvilon.
    48 | D        | Found a snail-covered altar of Cheibriados.
    48 | D        | Found a blossoming altar of Fedhas.
    48 | D        | Found a radiant altar of Vehumet.
    48 | D        | Found a roughly hewn altar of Beogh.
    48 | D        | Found an iron altar of Okawaru.
    56 | D        | Found a stormy altar of Qazlal.
    56 | D        | Found an opulent altar of Gozag.
    58 | D        | Became a worshipper of Warmaster Okawaru
   100 | D        | Reached skill level 4 in Armour
   100 | D        | Reached XP level 2. HP: 14/19 MP: 2/2
   105 | D        | Noticed a brain worm
   110 | D        | Killed a brain worm
   110 | D        | Reached skill level 6 in Maces & Flails
   110 | D        | Reached XP level 3. HP: 13/23 MP: 3/3
   110 | D        | Reached XP level 4. HP: 15/28 MP: 4/4
   248 | D        | Reached skill level 7 in Maces & Flails
   251 | D        | Acquired Okawaru's first power
   322 | D        | Noticed a fire bat
   341 | D        | Killed a fire bat
   341 | D        | Reached skill level 9 in Maces & Flails
   341 | D        | Reached XP level 5. HP: 32/32 MP: 5/5
   341 | D        | Reached XP level 6. HP: 37/37 MP: 6/6
   342 | D        | Noticed a necrophage
   343 | D        | Noticed a crimson imp
   349 | D        | Killed a necrophage
   349 | D        | Reached skill level 10 in Maces & Flails
   353 | D        | Killed a crimson imp
   353 | D        | Reached skill level 11 in Maces & Flails
   355 | D        | Noticed an ogre
   363 | D        | Killed an ogre
   363 | D        | Reached XP level 7. HP: 16/41 MP: 7/7
   477 | D        | Noticed an ogre
   479 | D        | Killed an ogre
   479 | D        | Reached skill level 12 in Maces & Flails
   479 | D        | Reached skill level 10 in Armour
   694 | D        | Noticed an ogre
   699 | D        | Killed an ogre
   847 | D        | Noticed a molten gargoyle
   858 | D        | Slain by a molten gargoyle

Vault maps used:
D:        pitsprint

Action                   |  1- 3 |  4- 6 |  7- 9 || total
-------------------------+-------+-------+-------++-------
Melee: Mace              |    10 |    13 |       ||    23
       Flail             |     4 |    31 |    16 ||    51
  Use: Potion            |       |       |     2 ||     2
